 Dungeon Crawl Stone Soup version 0.28-a0-1374-ga75cb3825e (webtiles) character file.

Game seed: 15648292704157553621

25563 Shayle the Zephyrmancer (level 12, -14/58 HPs)
             Began as a Felid Air Elementalist on Dec 31, 2021.
             Demolished by a quicksilver ooze (26 damage)
             ... created by the Royal Jelly
             ... on level 5 of the Pits of Slime.
             The game lasted 03:35:42 (53807 turns).

Shayle the Zephyrmancer (Felid Air Elementalist)   Turns: 53807, Time: 03:35:43

Health: -14/58     AC:  7    Str:  6    XL:     12   Next: 90%
Magic:  4/26       EV: 22    Int: 20    God:
Gold:   155        SH:  0    Dex: 16    Spells: 0/29 levels left
                                        Lives:  0   Deaths: 4

rFire   . . .      SeeInvis +     - Unarmed
rCold   + . .      Faith    .   (shield unavailable)
rNeg    . . .      Spirit   .   (armour unavailable)
rPois   .          Reflect  .   (helmet unavailable)
rElec   .          Harm     .   (cloak unavailable)
rCorr   .          Rampage  .   (gloves unavailable)
Will    +....                   (boots unavailable)
Stlth   ++........              w - amulet of magic regeneration
HPRegen 0.19/turn               s - +4 ring of protection
MPRegen 0.60/turn               E - ring of wizardry

@: confused, quick
A: very small, claws 1, fangs 3, see invisible, speed 1, shaggy fur 3, stealthy
paws, no weapons or thrown items, no armour, multi-lived
a: no special abilities


You were on level 5 of the Pits of Slime.
You visited 6 branches of the dungeon, and saw 30 of its levels.
You visited 1 bazaar.
You also visited: Sewer and Bailey.

You collected 6874 gold pieces.
You spent 551 gold pieces at shops.
You paid 6168 gold pieces to Gozag.

Inventory:

Jewellery
 k - a +4 ring of evasion
 m - a ring of flight
 p - an amulet of regeneration
 s - a +4 ring of protection (left paw)
 w - an amulet of magic regeneration (around neck)
 x - a +6 ring of intelligence
 E - a ring of wizardry (right paw)
 I - a +4 ring of evasion
 J - a ring of protection from cold
 K - an amulet of the acrobat
Wands
 i - a wand of digging (4)
 y - a wand of flame (4)
 M - a wand of iceblast (1)
Scrolls
 a - a scroll of blinking
 b - a scroll of identify
 c - 2 scrolls of holy word
 f - a scroll of amnesia
 j - a scroll of magic mapping
 l - 3 scrolls of teleportation
 n - a scroll of fear
 q - a scroll of immolation
 u - 4 scrolls of fog
 F - a scroll of silence {unknown}
 H - 4 scrolls of vulnerability
Potions
 d - 6 potions of mutation
 e - a potion of haste
 g - 2 potions of attraction
 h - a potion of magic
 o - 4 potions of might
 z - 2 potions of ambrosia
 A - 2 potions of berserk rage
 B - a potion of resistance
 G - 2 potions of flight
 N - a potion of lignification {unknown}


   Skills:
 - Level 9.8 Fighting
 - Level 8.9 Dodging
 - Level 8.6 Stealth
 - Level 8.1 Unarmed Combat
 - Level 9.3 Spellcasting
 - Level 9.4 Conjurations
 + Level 8.7 Transmutations
 + Level 12.0 Air Magic
 - Level 10.5 Earth Magic


You couldn't memorise any spells.
You knew the following spells:

 Your Spells              Type           Power      Damage    Failure   Level
a - Shock                 Conj/Air       100%       1d9       1%          1
b - Static Discharge      Conj/Air       51%        N/A       1%          2
c - Airstrike             Air            27%        N/A       1%          4
d - Passwall              Tmut/Erth      39%        N/A       1%          2
e - Lightning Bolt        Conj/Air       25%        1d41      1%          5
f - Maxwell's Capacitive  Air            27%        ∞         77%         8
g - Iron Shot             Conj/Erth      24%        9d5       8%          6
h - Confusing Touch       Hex            9%         N/A       9%          3

Your spell library contained the following spells:

 Spells                   Type           Power      Damage    Failure   Level
 Foxfire                  Conj/Fire      100%       2x1d9     1%          1
 Conjure Flame            Conj/Fire      28%        6-21      1%          3
 Swiftness                Air            55%        N/A       1%          3
 Iskenderun's Battlesphe  Conj           46%        2d10      1%          5
 Blade Hands              Tmut           22%        N/A       2%          5
 Animate Skeleton         Necr           18%        N/A       3%          1
 Pain                     Necr           36%        1d5       3%          1
 Flame Wave               Conj/Fire      28%        2d6       4%          4
 Inner Flame              Hex/Fire       9%         N/A       9%          3
 Vampiric Draining        Necr           9%         2d6       9%          3
 Yara's Violent Unravell  Hex/Tmut       13%        3d7       14%         5
 Eringya's Noxious Bog    Tmut/Pois      13%        N/A       56%         6
 Summon Forest            Summ/Tloc      4%         N/A       58%         5
 Spellforged Servitor     Conj/Summ      14%        N/A       97%         7
 Enfeeble                 Hex            4%         N/A       100%        7
 Summon Hydra             Summ           4%         N/A       100%        7
 Animate Armour           Summ/Erth      Unusable   N/A       N/A         4

Dungeon Overview and Level Annotations

Branches:
Dungeon (15/15)            Temple (1/1) D:7            Lair (6/6) D:11
  Snake (1/4) Lair:3       Spider (0/4) Lair:2        Slime (5/5) Lair:5
    Orc (2/2) D:10            Elf (0/3) Orc:2        Depths (0/4) D:15
  Sewer (visited)          Bailey (visited)
 Vaults: D:13-14

Altars:
Ashenzari
Elyvilon
Gozag
Hepliaklqana
Kikubaaqudgha
Nemelex Xobeh
Okawaru
Ru
Uskayaw
Vehumet
Wu Jian
Zin
The Shining One
Beogh
Jiyva

Shops:
D:5 [   D:6 **(   D:15 (   Orc:2 (   Lair:4 ::   Lair:5 *   Snake:1 [=:=

Annotations:
D:13 Azrael
Lair:2 3 runed translucent doors, karrick's ghost, journeyman GnFi
Lair:4 3 runed translucent doors, Fahoxeolau's ghost, adept MiBe; Kesmoz's ghost, journeyman MfBe
Slime:5 Royal Jelly


Innate Abilities, Weirdness & Mutations

You have sharp claws.
You have razor-sharp teeth.
You have supernaturally acute eyesight. (SInv)
You cover ground quickly. (Speed+)
Your thick and shaggy fur keeps you warm. (AC +3, rC+)
Your paws help you pounce on unaware monsters.
You are incapable of wielding weapons or throwing items.
You cannot wear armour.
You gain extra lives every three experience levels.


Message History

A great orb of eyes comes into view.
Gozag incites the great orb of eyes against you.
The great orb of eyes seems to speed up.
The great orb of eyes gazes at you. You resist with some effort.
The great orb of eyes bites you.
You barely miss the great orb of eyes.
The golden eye turns its gaze towards you.
You bite the great orb of eyes, but do no damage.
The great orb of eyes gazes at you.
You easily resist.
Unknown command.
The great orb of eyes gazes at you. You resist with some effort.
The golden eye blinks at you. You resist with almost no effort.
The great orb of eyes bites you. The quicksilver ooze hits you.
The quicksilver ooze engulfs you! The quicksilver ooze hits you!
You feel your power leaking away. The golden eye blinks at you.
You are confused.
You scratch the quicksilver ooze but do no damage.
Your lungs strain for air!
The quicksilver ooze closely misses you.
The quicksilver ooze misses you. The great orb of eyes gazes at you.
You easily resist.
The quicksilver ooze closely misses you. x2
The golden eye blinks at you.
You easily resist.
The great orb of eyes completely misses you.
You slip free of the ooze engulfing you.
You gasp with relief as air once again reaches your lungs.
The quicksilver ooze barely misses you. The quicksilver ooze hits you!
* * * LOW HITPOINT WARNING * * *
You feel your power leaking away. The golden eye blinks at you.
You resist with almost no effort. The golden eye blinks at you.
You resist with almost no effort. The quicksilver ooze hits you!!
You die...

####........................
#........................
#.....J.................J
#.......................
#.........................
##.........................
#............G.............
##...........JG............
.......@.............
.....................
.....................
...##................ ..#
##.......<....... ..
#.............#.
##............#
##.....##.#.## ####..# ## #


You could see a great orb of eyes (fast, incited), 2 quicksilver oozes and a
golden eye.

Vanquished Creatures
  Rupert (Lair:5)
  2 acid blobs (Slime:5)
  Kirke (Lair:4)
  2 azure jellies (Slime:5)
  A nagaraja (Snake:1)
  3 quicksilver oozes (Slime:5)
  Snorg (D:12)
  Erolcha (D:11)
  3 boulder beetles
  8 hydras
  2 anacondas (Snake:1)
  4 centaur warriors
  2 catoblepae
  6 two-headed ogres
  4 death yaks (Lair:5)
  2 tengu warriors (D:11)
  3 shock serpents (Snake:1)
  A salamander mystic (Snake:1)
  A lindwurm (Lair:3)
  A wizard (D:14)
  2 naga ritualists (Snake:1)
  A deep elf pyromancer (D:12)
  2 orc knights
  4 mana vipers (Snake:1)
  4 ugly things
  A wolf spider (D:12)
  2 salamanders (Snake:1)
  2 manticores (D:11)
  4 cyclopes
  11 black mambas
  13 cane toads
  2 torpor snails
  A molten gargoyle (Lair:4)
  3 naga magi (Snake:1)
  A gargoyle (D:11)
  2 kobold demonologists
  5 rime drakes
  6 komodo dragons
  An unseen horror (D:11)
  A freezing wraith (D:13)
  10 polar bears
  11 trolls
  Prince Ribbit (D:7)
  Grinder (Sewer)
  A raiju (Lair:6)
  A hornet (D:11)
  4 slime creatures
  10 dream sheep
  7 blink frogs
  32 yaks
  4 shadows
  2 vampires
  7 wyverns
  Eustachio (D:4)
  A basilisk (shapeshifter) (D:13)
  2 wraiths
  2 basilisks (Lair:6)
  A steam dragon (D:7)
  2 fire bats
  3 vampire mosquitoes
  A hog (Lair:4)
  10 nagas
  4 acid dragons
  7 wargs
  15 hell hounds
  12 water moccasins
  A hornet zombie (D:8)
  18 orc warriors
  3 ice beasts
  14 black bears
  A necrophage (D:6)
  2 sky beasts
  9 ogres
  10 centaurs
  18 wolves
  A kobold brigand (Sewer)
  14 bullfrogs
  2 scorpions
  A gnoll sergeant (D:7)
  A water moccasin zombie (D:5)
  A wyvern skeleton (D:4)
  11 killer bees
  5 howler monkeys
  4 wights (D:8)
  2 centaur zombies
  2 quasits (Sewer)
  A centaur skeleton (D:5)
  A jelly (D:5)
  12 orc priests
  2 bullfrog skeletons
  A gnoll shaman (D:9)
  3 hounds
  2 iguanas
  Terence (D:3)
  9 orc wizards
  2 killer bee zombies
  3 howler monkey zombies
  10 gnolls
  7 adders
  4 shadow imps
  3 ufetubi (Sewer)
  A worm (D:3)
  64 orcs
  8 ball pythons
  8 endoplasms
  2 giant cockroaches (Sewer)
  11 goblins
  5 hobgoblins
  3 jackals (D:1)
  12 kobolds
  3 quokkas
  7 bats
  2 frilled lizards
  7 rats
583 creatures vanquished.

Vanquished Creatures (others)
  A death yak (Lair:4)
  A slime creature (Slime:5)
  A jelly (D:12)
  A giant cockroach zombie (Sewer)
  A kobold zombie (Sewer)
  6 bushes (Lair:6)
  58 fungi
  104 plants
  6 withered plants (Lair:4)
179 creatures vanquished.

Grand Total: 762 creatures vanquished

Notes
Turn   | Place    | Note
-------+----------+-------------------------------------------
     0 | D:1      | Shayle the Felid Air Elementalist began the quest for the
                  | Orb.
     0 | D:1      | Reached XP level 1. HP: 7/7 MP: 4/4
   257 | D:1      | Reached skill level 3 in Air Magic
   327 | D:1      | Reached XP level 2. HP: 11/11 MP: 3/6
  1137 | D:1      | Found a faded altar of an unknown god.
  1221 | D:2      | Noticed an ogre
  1269 | D:2      | Killed an ogre
  1270 | D:2      | Reached XP level 3. HP: 14/14 MP: 0/8
  1270 | D:2      | Reached XP level 4. HP: 18/18 MP: 0/9
  1738 | D:2      | Reached skill level 4 in Air Magic
  1930 | D:2      | Learned a level 2 spell: Static Discharge
  2063 | D:3      | Identified the +1 robe "Zieffiocs" {rC- Will+ Dex+2 SInv}
  2256 | D:3      | Reached XP level 5. HP: 21/21 MP: 6/11
  2325 | D:3      | Noticed Terence
  2332 | D:3      | Learned a level 4 spell: Airstrike
  2730 | D:3      | Killed Terence
  3242 | D:4      | Noticed a black bear
  3337 | D:4      | Killed a black bear
  3338 | D:4      | Gained mutation: You are covered in thick fur. (AC +2)
                  | [Felid growth]
  3338 | D:4      | Reached XP level 6. HP: 19/24 MP: 3/13
  3748 | D:4      | HP: 1/24 [wyvern skeleton (9)]
  3753 | D:4      | Slain by a wyvern skeleton
  3754 | D:4      | Reached XP level 5. HP: 0/21 MP: 2/12
  3783 | D:4      | Reached skill level 5 in Air Magic
  4041 | D:4      | Found a glowing golden altar of the Shining One.
  4177 | D:4      | Noticed Eustachio
  4207 | D:4      | Killed Eustachio
  4208 | D:4      | Reached XP level 6. HP: 24/24 MP: 0/14
  4506 | D:5      | Entered Level 5 of the Dungeon
  4536 | D:5      | Found Erhot Zito's Armour Shoppe.
  4572 | D:5      | Reached skill level 5 in Spellcasting
  4789 | D:5      | Reached XP level 7. HP: 13/27 MP: 0/16
  4853 | D:5      | Reached skill level 6 in Air Magic
  4981 | D:5      | Found a glowing drain.
  4986 | Sewer    | Entered a sewer
  5179 | Sewer    | Noticed Grinder
  5372 | Sewer    | Killed Grinder
  5373 | Sewer    | Reached XP level 8. HP: 31/31 MP: 1/18
  5580 | Sewer    | Found a burning altar of Makhleb.
  6298 | D:6      | Found Amos's Specific Store.
  6306 | D:6      | Found Veseq's General Store.
  6315 | D:6      | Bought a scroll of fog for 26 gold pieces
  6315 | D:6      | Bought a scroll of fear for 45 gold pieces
  6363 | D:6      | Reached skill level 7 in Air Magic
  6824 | D:6      | Found Newocw's Antique Weapon Emporium.
  7018 | D:7      | Found a staircase to the Ecumenical Temple.
  7033 | Temple   | Entered the Ecumenical Temple
  7211 | Temple   | Became a worshipper of Gozag Ym Sagoz the Greedy
  7284 | D:7      | Found a flagged portal.
  7303 | Bailey   | Entered a bailey
  7920 | Bailey   | Upgraded the game from 0.28-a0-1356-g2ad6d04315 to
                  | 0.28-a0-1374-ga75cb3825e
  8143 | Bailey   | Reached skill level 8 in Air Magic
  8143 | Bailey   | Reached XP level 9. HP: 34/34 MP: 1/22
  8274 | Bailey   | Identified the +14 crystal plate armour of Fushayt {rElec
                  | rF++ Int-5 Dex+3}
  8424 | Bailey   | Learned a level 2 spell: Passwall
  9098 | D:7      | Noticed Prince Ribbit
  9102 | D:7      | Killed Prince Ribbit
  9351 | D:7      | Noticed a cyclops
  9732 | D:7      | Reached skill level 9 in Air Magic
 11444 | D:8      | Noticed a boulder beetle
 11508 | D:8      | Identified a scroll of acquirement
 11508 | D:8      | Acquired a book of Lightning
 11516 | D:8      | Learned a level 5 spell: Lightning Bolt
 11529 | D:8      | Learned a level 8 spell: Maxwell's Capacitive Coupling
 11609 | D:8      | Noticed a centaur warrior
 11680 | D:8      | Killed a centaur warrior
 11681 | D:8      | Reached skill level 1 in Fighting
 11681 | D:8      | Reached skill level 5 in Dodging
 11681 | D:8      | Reached skill level 1 in Unarmed Combat
 11681 | D:8      | Reached XP level 10. HP: 28/39 MP: 3/24
 13195 | D:9      | Reached skill level 5 in Stealth
 14302 | D:7      | Killed a cyclops
 14829 | D:10     | Entered Level 10 of the Dungeon
 15728 | D:10     | Reached XP level 11. HP: 46/46 MP: 20/25
 16291 | D:10     | Found a staircase to the Orcish Mines.
 16961 | D:11     | Noticed a centaur warrior
 17080 | D:11     | Noticed Erolcha
 17127 | D:11     | Killed Erolcha
 17128 | D:11     | Reached skill level 5 in Fighting
 17128 | D:11     | Reached skill level 5 in Unarmed Combat
 17472 | D:11     | Found a staircase to the Lair.
 17817 | Lair:1   | Entered Level 1 of the Lair of Beasts
 17947 | Lair:1   | Learned a level 6 spell: Iron Shot
 17975 | Lair:1   | Noticed a six-headed hydra
 17990 | Lair:1   | Killed a six-headed hydra
 17991 | Lair:1   | Reached skill level 1 in Conjurations
 18022 | Lair:1   | Reached skill level 1 in Earth Magic
 19364 | Lair:2   | Found a runed translucent gate.
 19364 | Lair:2   | Found a runed translucent gate.
 19364 | Lair:2   | Found a runed translucent gate.
 19367 | Lair:2   | Noticed karrick's ghost (journeyman GnFi)
 19622 | Lair:2   | Found a hole to the Spider Nest.
 20315 | Lair:3   | Found a staircase to the Snake Pit.
 20328 | Lair:3   | Noticed a lindwurm
 21067 | Lair:3   | Killed a lindwurm
 21068 | Lair:3   | Gained mutation: Your thick and shaggy fur keeps you warm.
                  | (AC +3, rC+) [Felid growth]
 21068 | Lair:3   | Reached XP level 12. HP: 40/53 MP: 2/26
 22519 | Lair:4   | Found a runed translucent gate.
 22519 | Lair:4   | Found a runed translucent gate.
 22519 | Lair:4   | Found a runed translucent gate.
 23689 | Lair:4   | Noticed Kirke
 23698 | Lair:4   | Killed Kirke
 23699 | Lair:4   | Reached skill level 5 in Conjurations
 23892 | Lair:4   | Reached skill level 5 in Earth Magic
 23901 | Lair:4   | Noticed Fahoxeolau's ghost (adept MiBe)
 23928 | Lair:4   | Noticed Kesmoz's ghost (journeyman MfBe)
 24232 | Lair:5   | Noticed a death yak
 24232 | Lair:5   | Noticed a death yak
 24232 | Lair:5   | Noticed a death yak
 24232 | Lair:5   | Noticed a death yak
 24232 | Lair:5   | Noticed a death yak
 24346 | Lair:4   | Killed a death yak
 24563 | Lair:5   | Found a staircase to the Slime Pits.
 24563 | Lair:5   | Found a viscous altar of Jiyva.
 24585 | Lair:5   | Noticed Rupert
 24642 | Lair:6   | Entered Level 6 of the Lair of Beasts
 25113 | D:11     | Noticed a two-headed ogre
 25123 | D:11     | Killed a two-headed ogre
 25847 | D:11     | Noticed a six-headed hydra
 25949 | D:11     | HP: 2/55 [six-headed hydra (11)]
 25949 | D:11     | Mangled by a six-headed hydra
 25950 | D:11     | Reached XP level 11. HP: -6/51 MP: 3/25
 25996 | D:11     | Noticed a boulder beetle
 26533 | D:11     | Reached XP level 12. HP: 55/55 MP: 13/26
 26689 | D:11     | Noticed a two-headed ogre
 26964 | Orc:1    | Entered Level 1 of the Orcish Mines
 27828 | Orc:2    | Entered Level 2 of the Orcish Mines
 28346 | D:11     | Noticed a tengu warrior
 28746 | D:11     | Killed a centaur warrior
 28948 | D:11     | Killed a two-headed ogre
 29069 | Lair:1   | Killed a six-headed hydra
 29217 | D:11     | Noticed a tengu warrior
 29228 | D:11     | Killed a tengu warrior
 29413 | D:11     | Killed a boulder beetle
 30012 | D:11     | Killed a tengu warrior
 30288 | D:12     | Noticed a centaur warrior
 30389 | D:12     | Noticed Snorg
 30604 | D:12     | Noticed a two-headed ogre
 30606 | D:12     | Noticed a two-headed ogre
 30610 | D:12     | Killed a two-headed ogre
 30756 | D:12     | Killed a two-headed ogre
 31057 | D:12     | Noticed a centaur warrior
 31105 | D:12     | Killed a centaur warrior
 31318 | D:12     | Killed a centaur warrior
 31569 | D:12     | You fall into a shaft and drop 3 floors!
 31569 | D:15     | Entered Level 15 of the Dungeon
 31599 | D:15     | Noticed a seven-headed hydra
 31620 | D:15     | Found Foxaejus's Antique Weapon Shoppe.
 31712 | D:15     | Found a flickering gateway to a bazaar.
 31715 | Bazaar   | Entered a bazaar
 31715 | Bazaar   | Found Wuedoklyn's Armour Boutique.
 31715 | Bazaar   | Found Ashrir's Weapon Shoppe.
 31715 | Bazaar   | Found Ojoh Uce's Antique Weapon Shop.
 31715 | Bazaar   | Found Maiv's General Store.
 31948 | D:15     | Noticed a boulder beetle
 31978 | D:15     | Noticed a five-headed hydra
 31983 | D:15     | Killed a five-headed hydra
 32019 | D:15     | Noticed a catoblepas
 32074 | D:15     | Killed a seven-headed hydra
 32075 | D:15     | Reached XP level 13. HP: 58/58 MP: 5/27
 32991 | D:15     | Noticed an ettin
 33186 | D:13     | Noticed Azrael
 34831 | Lair:5   | Killed Rupert
 36600 | Lair:6   | Reached skill level 10 in Earth Magic
 39500 | Orc:2    | Reached skill level 1 in Transmutations
 39679 | Orc:2    | Found a staircase to the Elven Halls.
 39872 | Orc:2    | Found Yxistrenn's Antique Weapon Shop.
 41058 | Orc:1    | Reached XP level 14. HP: 30/65 MP: 19/28
 41370 | Lair:6   | Reached skill level 10 in Air Magic
 44198 | Lair:6   | Reached skill level 5 in Transmutations
 47231 | D:12     | Killed Snorg
 47232 | D:12     | Reached skill level 11 in Air Magic
 47645 | D:12     | Identified the +1 robe of the Constellations {rElec rN+}
 48975 | Lair:6   | Learned a level 3 spell: Confusing Touch
 48997 | Lair:6   | HP: 2/65 [boulder beetle (18)]
 49367 | Snake:1  | Entered Level 1 of the Snake Pit
 49413 | Snake:1  | Found Naddouck's Armour Shoppe.
 49624 | Snake:1  | Found Naddouck's Jewellery Boutique.
 49624 | Snake:1  | Found Baatatt's Book Emporium.
 49627 | Snake:1  | Found Jime's Jewellery Boutique.
 51066 | Snake:1  | Noticed a nagaraja
 51079 | Snake:1  | Killed a nagaraja
 52351 | Lair:5   | Bought a glowing glass wand for 160 gold pieces
 52351 | Lair:5   | Bought a potion of magic for 320 gold pieces
 52452 | Lair:5   | Fell from the grace of Gozag
 52452 | Lair:5   | Became a worshipper of Jiyva Jisturov the Shapeless
 53180 | D:12     | Reached skill level 12 in Air Magic
 53380 | Slime:1  | Entered Level 1 of the Pits of Slime
 53385 | Slime:1  | Noticed an azure jelly
 53404 | Slime:2  | Noticed an azure jelly
 53423 | Slime:1  | Noticed a rockslime
 53426 | Slime:1  | Noticed an acid blob
 53432 | Slime:2  | Noticed an azure jelly
 53432 | Slime:2  | Noticed a quicksilver ooze
 53433 | Slime:2  | Noticed an acid blob
 53441 | Slime:2  | Reached * piety under Jiyva
 53444 | Slime:2  | Noticed an acid blob
 53452 | Slime:2  | Noticed an acid blob
 53456 | Slime:2  | Noticed an acid blob
 53530 | Slime:3  | Noticed an acid blob
 53648 | Slime:4  | Noticed an azure jelly
 53673 | Slime:5  | Entered Level 5 of the Pits of Slime
 53679 | Slime:5  | Noticed an azure jelly
 53682 | Slime:5  | Noticed the Royal Jelly
 53683 | Slime:5  | Noticed an acid blob
 53685 | Slime:5  | Noticed an acid blob
 53689 | Slime:5  | Noticed an azure jelly
 53692 | Slime:5  | Found a viscous altar of Jiyva.
 53703 | Slime:5  | Noticed an azure jelly
 53705 | Slime:5  | Noticed an acid blob
 53730 | Slime:5  | Noticed an acid blob
 53774 | Slime:5  | Was placed under penance by Jiyva
 53774 | Slime:5  | Noticed an azure jelly
 53775 | Slime:5  | Noticed a quicksilver ooze
 53776 | Slime:5  | Noticed an azure jelly
 53776 | Slime:5  | Killed an acid blob
 53776 | Slime:5  | Noticed a quicksilver ooze
 53776 | Slime:5  | Noticed an acid blob
 53776 | Slime:5  | Noticed an azure jelly
 53776 | Slime:5  | Noticed an acid blob
 53776 | Slime:5  | Noticed a quicksilver ooze
 53778 | Slime:5  | Noticed an acid blob
 53778 | Slime:5  | Killed an azure jelly
 53778 | Slime:5  | Killed a quicksilver ooze
 53786 | Slime:5  | HP: 3/65 [azure jelly[the Royal Jelly] (17)]
 53786 | Slime:5  | Slain by an azure jelly
 53787 | Slime:5  | Reached XP level 13. HP: -2/61 MP: 0/27
 53787 | Slime:5  | Killed an acid blob
 53787 | Slime:5  | Killed an azure jelly
 53787 | Slime:5  | Fell from the grace of Jiyva
 53787 | Slime:5  | Killed a quicksilver ooze
 53787 | Slime:5  | Killed a quicksilver ooze
 53788 | Slime:5  | Noticed an acid blob
 53790 | Slime:5  | Noticed an azure jelly
 53790 | Slime:5  | Noticed a quicksilver ooze
 53790 | Slime:5  | Noticed a quicksilver ooze
 53791 | Slime:5  | Noticed a quicksilver ooze
 53792 | Slime:5  | Noticed a rockslime
 53792 | Slime:5  | Slain by an azure jelly
 53793 | Slime:5  | Reached XP level 12. HP: -1/58 MP: 14/26
 53798 | Slime:5  | Noticed a great orb of eyes
 53807 | Slime:5  | Demolished by a quicksilver ooze

Illustrated notes

Levels and vault maps discovered:
D:1:      nicolae_arrival_washed_ashore, layout_loops_ring,
          shapermc_ecumenical_altar_mp_vishouse, serial_bayou_pond_d,
          chequers_decorated_corner, chequers_serial_rivers_small_a,
          minmay_tetromino_o2
D:2:      layout_loops_ring
D:3:      layout_basic, uniq_terence
D:4:      layout_rooms, tso_metal_star, serial_corexii_hall,
          chequers_hall_statues_y, corexii_hall_statues_deadend,
          corexii_hall_statues_l, corexii_hall_statues_l,
          chequers_hall_statues_y, chequers_hall_statues_y, grunt_ministairs_11,
          kennysheep_potato, uniq_eustachio
D:5:      layout_rooms, portal_sewer_entry_e, serial_shops, nicolae_shop_stone,
          kennysheep_generic_room_15
D:6:      layout_rooms, serial_shops, shop, nicolae_specific_store
D:7:      layout_rooms, temple_fountains, enter_bailey_5, wad_mini_maze,
          uniq_prince_ribbit1
D:8:      layout_basic
D:9:      nicolae_whirlpool, layout_cave_pools, kennysheep_opposing_triangles
D:10:     layout_stronghold, david_orc_5
D:11:     minmay_the_grid_net [minmay_the_grid_empty, minmay_the_grid_box_x,
          minmay_the_grid_outer_diamond, minmay_the_grid_pillar_ring,
          minmay_the_grid_minigrid_large,
          minmay_the_grid_prize_four_corners_diamond_a], layout_loops_ring,
          david_lair_generic, uniq_erolcha
D:12:     layout_rooms, minmay_fractal_squares_gapless_7, uniq_snorg
D:13:     layout_loops_ring, david_vaults_4, solitary_fountain, uniq_josephine,
          uniq_nessos, uniq_azrael
D:14:     layout_rooms, roderic_lattice_a, chequers_arboretum,
          minmay_checkered_concentric_circles
D:15:     hangedman_depths_entry_civil_slaughter, layout_loops_ring,
          chequers_serial_rivers_room_a, serial_shops, bzr_in_the_mist,
          nicolae_lakefront_shop
Temple:   roderic_octagonal_lattice_temple
Lair:1:   layout_gridlike, st_stairs_9, minivault_19, lemuel_fruit_tree
Lair:2:   layout_roguey, spider_nest_entry_web_field, ebering_ghost_rock_garden
Lair:3:   layout_regular_city, guppyfry_snake_entry_island
Lair:4:   layout_gridlike, gammafunk_ghost_cemetery, minmay_lair_drake_nest,
          infiniplex_staircase_pool, grunt_megastairs_3, uniq_kirke
Lair:5:   layout_loops_ring, slime_altar_1, chequers_serial_rivers_marsh,
          serial_bayou_shore_a, uniq_rupert
Lair:6:   hangedman_lair_caniforms_friends, layout_small_grid, minivault_25,
          chequers_serial_rivers_micro_a, evilmike_ambush
          [evilmike_ambush_outer_doors, evilmike_ambush_inner_basic]
Snake:1:  layout_chambers, serial_shops, shop, minmay_shop_grove
Slime:1:  layout_caves
Slime:2:  layout_caves, nicolae_slime_round_cave
Slime:3:  layout_caves
Slime:4:  layout_caves
Slime:5:  uniq_dissolution
Orc:1:    nicolae_orc_accident_1, layout_caves
Orc:2:    st_orc_open, layout_caves

Skill      XL: |  1  2  3  4  5  6  7  8  9 10 11 12 13 14 |
---------------+-------------------------------------------+-----
Air Magic      | 3 4 5 6 8 9 12 | 12.0
Dodging        | 3 4 5 7 8 |  8.9
Spellcasting   | 3 4 5 6 8 9 |  9.3
Fighting       | 1 4 6 8 9 |  9.8
Stealth        | 3 7 8 |  8.6
Unarmed Combat | 1 4 6 8 |  8.1
Conjurations   | 3 8 9 |  9.4
Earth Magic    | 3 8 10 | 10.5
Transmutations | 2 8 |  8.7

Action                   |  1- 3 |  4- 6 |  7- 9 | 10-12 | 13-15 || total
-------------------------+-------+-------+-------+-------+-------++-------
Melee: Unarmed           |     1 |    48 |    51 |    54 |    68 ||   222
       Bite              |       |     7 |     7 |     4 |     9 ||    27
       Punch             |       |       |       |       |     3 ||     3
 Cast: Shock             |    49 |    83 |    46 |    13 |    14 ||   205
       Airstrike         |       |    20 |   152 |   534 |   404 ||  1110
       Static Discharge  |       |     9 |     6 |       |       ||    15
       Iron Shot         |       |       |       |    33 |   176 ||   209
       Passwall          |       |       |       |     6 |     7 ||    13
       Lightning Bolt    |       |       |       |     1 |       ||     1
       Confusing Touch   |       |       |       |       |     1 ||     1
Invok: Potion Petition   |       |       |       |     5 |     5 ||    10
       Call Merchant     |       |       |       |       |     3 ||     3
Evoke: Wand              |       |       |     1 |     2 |    17 ||    20
  Use: Potion            |       |     5 |     4 |     2 |    13 ||    24
       Scroll            |       |       |    11 |    17 |    15 ||    43
 Stab: Sleeping          |       |     1 |     4 |       |       ||     5
Armor: Skin              |       |     5 |    10 |    39 |    47 ||   101
Dodge: Dodged            |     4 |    72 |   106 |   196 |   336 ||   714

Table legend: (Time is in decaauts)
 A = Elapsed time spent in this place.
 B = Non-inter-level travel time spent in this place.
 C = Inter-level travel time spent in this place.
 D = Time resting spent in this place.
 E = Time spent auto-exploring this place.
 F = Levels seen in this place.
 G = Mean time per level.
                   A        B        C        D        E       F      G
               +--------+--------+--------+--------+--------+-----+--------+
         Total |  49643 |  47353 |   2290 |  24688 |  11889 |  33 | 1504.3 |
       Dungeon |  22983 |  21665 |   1318 |   9827 |   6944 |  15 | 1532.2 |
        Temple |    165 |    151 |     14 |      0 |    136 |   1 |  165.0 |
          Lair |  19015 |  18121 |    894 |  10602 |   3771 |   6 | 3169.2 |
     Snake Pit |   2440 |   2426 |     14 |   1299 |    579 |   1 | 2440.0 |
    Slime Pits |    348 |    327 |     21 |      0 |    135 |   5 |   69.6 |
  Orcish Mines |   2761 |   2734 |     27 |   1749 |    225 |   2 | 1380.5 |
        Bazaar |     96 |     96 |      0 |      0 |      0 |   1 |   96.0 |
         Sewer |    722 |    722 |      0 |    421 |     51 |   1 |  722.0 |
        Bailey |   1110 |   1110 |      0 |    788 |     46 |   1 | 1110.0 |
               +--------+--------+--------+--------+--------+-----+--------+

Top non-repeatable levels by time:
  Lair:6: 7217 daAuts
    D:11: 4444 daAuts
  Lair:5: 4165 daAuts
    D:10: 3026 daAuts
  Lair:4: 2686 daAuts
  Lair:3: 2443 daAuts
 Snake:1: 2440 daAuts
     D:7: 2294 daAuts
   Orc:1: 2205 daAuts
     D:8: 1918 daAuts
    D:12: 1744 daAuts
     D:9: 1695 daAuts
  Lair:1: 1639 daAuts
     D:4: 1429 daAuts
    D:15: 1204 daAuts
